 Dungeon Crawl Stone Soup version 0.30.1-11-g7821555f0a (webtiles) character file.

Game seed: 349010256999766359

942 N20BOY the Trooper (level 7, -21/63 HPs)
             Began as a Minotaur Berserker on Dec 23, 2023.
             Was a Believer of Trog.
             Killed by an exploding gnoll (40 damage)
             ... ignited by their inner flame
             ... on level 6 of the Dungeon on Dec 24, 2023.
             The game lasted 00:41:03 (3805 turns).

N20BOY the Trooper (Minotaur Berserker)             Turns: 3805, Time: 00:41:08

Health: -21/63     AC: 14    Str: 23    XL:     7   Next: 88%
Magic:  6/6        EV:  7    Int:  4    God:    Trog [**....]
Gold:   255        SH:  0    Dex: 10    Spells: 6/6 levels left

rFire   . . .        x - +1 battleaxe
rCold   + . .        (shield currently unavailable)
rNeg    . . .        t - +0 plate armour
rPois   .            (helmet restricted)
rElec   .            (no cloak)
rCorr   .            m - +0 pair of gloves
SInv    .            c - +0 pair of boots
Will    .....        (no amulet) Stlth
                     h - ring of protection from fire
HPRegen 0.30/turn    k - ring of ice
MPRegen 0.10/turn

%: no passive effects
@: no status effects
A: horns 2, retaliatory headbutt
a: Renounce Religion, Berserk, Trog's Hand


You were on level 6 of the Dungeon.
You worshipped Trog.
Trog was pleased with you.
You visited 1 branch of the dungeon, and saw 6 of its levels.

You collected 255 gold pieces.

Inventory:

Hand Weapons
 a - a +0 spear
 i - a +0 rapier
 q - a +0 spear
 x - a +1 battleaxe (weapon)
 C - a +0 mace of draining
 D - a +0 flail of protection
Missiles
 f - 2 atropa-tipped darts
 j - 41 stones
 y - 5 datura-tipped darts
Armour
 b - a +0 animal skin
 c - a +0 pair of boots (worn)
 m - a +0 pair of gloves (worn)
 t - a +0 plate armour (worn)
 u - a +0 kite shield
 w - a +0 chain mail
Jewellery
 e - an amulet of magic regeneration
 h - a ring of protection from fire (left hand)
 k - a ring of ice (right hand)
Scrolls
 n - 3 scrolls of vulnerability (quivered)
 s - 2 scrolls of fear
 v - a scroll of fog
 B - a scroll of poison
Potions
 d - 2 potions of brilliance
 g - a potion of cancellation
 l - 2 potions of attraction {unknown}
 o - 3 potions of degeneration {unknown}
 r - 2 potions of heal wounds
 z - a potion of ambrosia {unknown}
 A - a potion of haste {unknown}


   Skills:
 + Level 6.2 Fighting
 + Level 5.1(6.4) Axes
 + Level 6.0(6.9) Polearms
 + Level 5.1 Armour
 + Level 3.8 Dodging
 + Level 1.2 Stealth
 + Level 0.7 Shields


You had 6 spell levels left.
You didn't know any spells.
Your spell library contained the following spells:

 Spells                   Type           Power      Damage    Failure   Level
 Frozen Ramparts          Ice            0%         1d1       100%        3
 Ozocubu's Armour         Ice            0%         N/A       100%        3
 Ice Form                 Ice/Tmut       0%         N/A       100%        4
 Summon Ice Beast         Ice/Summ       0%         N/A       100%        4
 Ozocubu's Refrigeration  Ice            0%         4d7       100%        7


Dungeon Overview and Level Annotations

Branches:
Dungeon (6/15)
 Temple: D:4-7

Altars:
Wu Jian
Yredelemnul


Innate Abilities, Weirdness & Mutations

You have a pair of horns on your head.
You reflexively headbutt those who attack you in melee.


Message History

The gnoll bouda barks out a call to the hunt!
The gnolls pick up the pace!
You slice the gnoll!!
You kill the gnoll!
Trog accepts your kill.
The gnoll hits you from afar with a +0 halberd.
Your base Axes skill increases to level 5!
The gnoll attacks as you move away! The gnoll hits you with a +0 whip.
You closely miss the gnoll. You headbutt the gnoll.
The gnoll is lightly wounded.
You barely miss the gnoll. The gnoll hits you but does no damage.
The gnoll hits you from afar with a +0 halberd.
The gnoll hits you but does no damage. The gnoll barely misses you.
You furiously retaliate!
You headbutt the gnoll! The gnoll hits you with a +0 halberd!
The gnoll hits you with a +0 club. The gnoll hits you but does no damage.
You slice the gnoll!!
You kill the gnoll!
Trog accepts your kill.
You barely miss the gnoll. x2; The gnoll hits you but does no damage. x2
Read: scroll of immolation
Press: ? - help, Q - select action, (/) - cycle Dir - look around, f - activate Look: a gnoll, wielding a +0 club (covering ground quickly, susceptible)
As you read the scroll of immolation, it crumbles to dust.
The creatures around you are filled with an inner flame!
The gnoll hits you with a +0 club. The gnoll hits you but does no damage.
You hit the gnoll bouda but do no damage.
You hit the gnoll.
Flame seeps out of the gnoll.
You hit the gnoll but do no damage.
The gnoll is engulfed in blazing flames.
Trog accepts your kill.
The gnoll explodes!
The fiery explosion engulfs you!!
The fiery explosion engulfs the gnoll!
Trog accepts your kill.
The gnoll explodes!
The fiery explosion engulfs the gnoll bouda!!
Trog accepts your kill. The fiery explosion engulfs you!!!
Ouch! That really hurt!
You die...

### #.## ##.##
###...### #...##
#.....#.###....# .
##........#....#
..#........###..##
...........#.§§.#
.....!##...§§○§.####
....>.....g)@§§.##.##
.#.........###..#...#
####......# #......#
#...#..## ##.....##
#..##### ##......##
##### ####........##
#.... #.#..........#
#.#..###...#........#
#..........##..†##..#


You could see a gnoll (inner flame, swift).

Vanquished Creatures
  Edmund (D:5)
  An ice beast (D:4)
  An ogre (D:5)
  3 scorpions
  A jelly (D:6)
  2 hounds (D:5)
  An orc priest (D:5)
  A gnoll bouda (D:6)
  4 iguanas
  A sleepcap (D:5)
  4 orc wizards
  4 gnolls (D:6)
  2 adders (D:4)
  A river rat (D:5)
  2 white imps (D:5)
  An ufetubus (D:4)
  A worm (D:4)
  A dart slug (D:2)
  12 orcs
  6 endoplasms
  A giant cockroach (D:3)
  4 goblins
  2 hobgoblins (D:1)
  4 quokkas
  6 ball pythons
  A frilled lizard (D:2)
  A kobold (D:2)
  5 rats (D:1)
74 creatures vanquished.

Vanquished Creatures (others)
  A ball python (D:3)
  A rat (D:3)
2 creatures vanquished.

Grand Total: 76 creatures vanquished

Notes
Turn   | Place    | Note
-------+----------+-------------------------------------------
     0 | D:1      | N20BOY the Minotaur Berserker began the quest for the Orb.
     0 | D:1      | Reached XP level 1. HP: 19/19 MP: 0/0
   168 | D:1      | Reached XP level 2. HP: 27/27 MP: 1/1
   645 | D:2      | Reached ** piety under Trog
  1182 | D:3      | Reached XP level 3. HP: 34/34 MP: 2/2
  1182 | D:3      | Found a runed translucent door.
  1182 | D:3      | Noticed a human
  1187 | D:3      | Found a basalt altar of Yredelemnul.
  1498 | D:4      | Found an ornate altar of the Wu Jian Council.
  1616 | D:4      | Noticed an ice beast
  1631 | D:4      | HP: 1/34 [ice beast (6)]
  1637 | D:4      | Killed an ice beast
  1638 | D:4      | Reached skill level 5 in Polearms
  1638 | D:4      | Reached XP level 4. HP: 21/41 MP: 3/3
  1638 | D:4      | Reached XP level 5. HP: 24/47 MP: 4/4
  1767 | D:4      | Reached skill level 5 in Fighting
  2175 | D:5      | Entered Level 5 of the Dungeon
  2371 | D:5      | Reached skill level 1 in Stealth
  2371 | D:5      | Reached XP level 6. HP: 53/56 MP: 5/5
  2406 | D:5      | Reached skill level 1 in Axes
  2864 | D:5      | Reached XP level 7. HP: 30/62 MP: 6/6
  3197 | D:5      | Noticed Edmund
  3217 | D:5      | Killed Edmund
  3699 | D:6      | Reached skill level 5 in Armour
  3800 | D:6      | Reached skill level 5 in Axes
  3805 | D:6      | Killed by an exploding gnoll... ignited by their inner
                  | flame

Illustrated notes

Levels and vault maps discovered:
D:1:      eino_arrival_water_cross, layout_basic
D:2:      layout_basic
D:3:      layout_basic, nicolae_overflow_crystal_walls, dk_yredelemnul_ordeal
D:4:      layout_rooms, nzn_wu_jian_council_hall
D:5:      layout_basic, portal_sewer_entry_c, serial_bayou_crossing, uniq_edmund
D:6:      layout_cave_pools, nicolae_hepliaklqana_ecumenical_no_more

Skill      XL: |  1  2  3  4  5  6  7 |
---------------+----------------------+-----
Fighting       | 4 5 6 |  6.2
Polearms       | 4 5 6 |  6.0
Dodging        | 3 |  3.8
Stealth        | 1 |  1.2
Armour         | 3 5 |  5.1
Axes           | 2 5 |  5.1
Shields        | |  0.7

Action                     |  1- 3 |  4- 6 |  7- 9 || total
---------------------------+-------+-------+-------++-------
  Melee: Spear             |    83 |    13 |       ||    96
         Headbutt          |    11 |    11 |     9 ||    31
         Battleaxe         |       |    54 |    46 ||   100
    Use: Potion            |     2 |     2 |       ||     4
         Scroll            |       |       |    10 ||    10
 Armour: Animal skin       |    18 |     1 |       ||    19
         Chain mail        |       |    53 |       ||    53
         Plate armour      |       |    12 |    25 ||    37
  Dodge: Dodged            |    43 |    32 |    24 ||    99
  Block: Kite shield       |     9 |     4 |       ||    13
